Avalanche vs Flames (R2)

Created - February 1, 2018 at 19:00

Goals
1 2 3 T
Avalanche 1 4 2 7
Flames 1 1 2 4
Shots
1 2 3 T
Avalanche 12 11 11 34
Flames 7 12 18 37

1st period

1. Avalanche , Mike Comrie 11 (Andrew Ladd 7, Alexander Radulov 18) at 12:19
2. Flames , Steve Regier 14 (Erik Johnson 28) at 17:41

Penalties :
Michel Ouellet (Cal) for Hooking (Minor) at 3:44, Andrei Kostitsyn (Col) for Interference (Minor) at 8:18

2nd period

3. Avalanche , Corey Perry 17 (Bryan Little 29, Mikkel Boedker 29) at 1:18
4. Avalanche , Alexander Radulov 9 (Jay Bouwmeester 15) at 6:36
5. Flames , Colin Wilson 6 (Steve Regier 18, Jordin Tootoo 15) at 10:59
6. Avalanche , Corey Perry 18 (Jack Johnson 21, Bryan Little 30) at 14:02
7. Avalanche , Marc Staal 3 (Mikkel Boedker 30, Corey Perry 20) at 19:13 (PP)

Penalties :
Erik Johnson (Cal) for Unsportsmanlike conduct (Minor) at 1:48, Mikhail Grabovski (Cal) for Cross-checking (Minor) at 15:29, Steve Regier (Cal) for Hooking (Minor) at 18:59

3rd period

8. Avalanche , Alexander Radulov 10 (Andrew Ladd 8, Brandon Yip 4) at 9:54
9. Avalanche , Andrei Kostitsyn 18 (Brandon Yip 5, Jack Johnson 22) at 12:43
10. Flames , Steve Regier 15 (Patrik Berglund 20, Jordin Tootoo 16) at 14:30 (PP)
11. Flames , Eric Staal 27 (Alexander Semin 41, Erik Johnson 29) at 15:17

Penalties :
Andrew Ladd (Col) for High sticking (Minor) at 6:13, Jack Johnson (Col) for Diving (Minor) at 13:18, Bryan Little (Col) for Roughing (Minor) at 13:41, Derek Meech (Cal) for Holding (Minor) at 15:09

Goalie Stats

Semyon Varlamov (Col), 33 saves from 37 shots - (0.892), W, 23-12-4, 60:00 minutes
Josh Harding (Cal), 18 saves from 23 shots - (0.783), L, 3-6-0, 39:13 minutes
Pekka Rinne (Cal), 9 saves from 11 shots - (0.818), 20:47 minutes

Players Stats for Avalanche

Player Name              G  A  P  +/- PIM S  H  SB GA TA FO     MP     PP MP  PK MP  
------------------------------------------------------------------------------------
Alexander Radulov        2  1  3   2  0   3  0  0  0  1  1/3    12:45   0:08   2:11 
Andrei Kostitsyn         1  0  1   1  2   4  1  0  2  1  0/3    16:18   3:24   0:39 
Andrew Ladd              0  2  2   2  2   1  1  0  1  0  0/0    11:06   0:15   0:14 
Brandon Yip              0  2  2   1  0   0  2  0  0  1  0/1    15:29   3:24   0:00 
Bryan Little             0  2  2   1  2   7  1  0  0  0  20/38  23:32   4:07   2:39 
Chuck Kobasew            0  0  0   0  0   0  0  1  0  0  0/0     6:42   0:00   0:00 
Corey Perry              2  1  3   0  0   3  3  0  3  0  0/1    24:17   3:51   3:20 
Cory Emmerton            0  0  0   0  0   3  0  0  0  0  1/3     6:42   0:00   0:00 
Jack Johnson             0  2  2   0  2   2  5  1  2  0  0/0    29:21   4:41   2:43 
Jay Bouwmeester          0  1  1   2  0   3  1  1  0  1  0/0    20:16   2:58   1:54 
Marc Staal               1  0  1   0  0   1  0  1  1  2  0/0    30:34   4:41   3:55 
Mark Giordano            0  0  0   1  0   0  0  0  0  0  0/0     9:10   0:00   0:00 
Matt Lashoff             0  0  0   1  0   0  0  0  0  0  0/0    10:22   0:00   1:12 
Mike Comrie              1  0  1   1  0   1  2  0  0  0  3/7    12:14   0:24   0:50 
Mikkel Boedker           0  2  2   1  0   3  0  0  1  1  4/5    21:32   4:00   0:55 
Paul Stastny             0  0  0   1  0   2  2  0  0  0  4/14   15:29   3:24   0:00 
Pernell Karl Subban      0  0  0   2  0   0  0  0  0  0  0/0    20:16   2:58   1:54 
Ryan Smyth               0  0  0   0  0   1  1  0  0  0  0/0     6:42   0:00   0:00 

Players Stats for Flames

Player Name              G  A  P  +/- PIM S  H  SB GA TA FO     MP     PP MP  PK MP  
------------------------------------------------------------------------------------
Alexander Semin          0  1  1   0  0   4  1  0  0  2  1/1    23:44   3:26   3:31 
Brad Marchand            0  0  0  -1  0   1  1  0  1  1  1/2    15:19   0:00   1:29 
Brendan Mikkelson        0  0  0  -2  0   0  0  0  0  0  0/0    12:08   0:57   0:40 
Colin Wilson             1  0  1   0  0   2  0  0  1  0  4/7    10:28   0:00   0:26 
David Backes             0  0  0  -1  0   4  1  1  1  0  2/3    19:29   3:26   0:00 
Derek Meech              0  0  0   0  2   0  2  0  1  1  0/0    26:00   4:51   2:25 
Eric Staal               1  0  1   0  0   4  3  0  0  1  23/42  23:53   3:26   3:41 
Erik Johnson             0  2  2   1  2   5  2  0  2  2  0/0    24:02   4:32   0:15 
Jonathan Ferland         0  0  0  -2  0   1  0  0  0  0  0/0     5:46   0:00   0:00 
Jordin Tootoo            0  2  2   0  0   1  2  0  0  1  0/0    16:06   2:23   3:29 
Lubomir Visnovsky        0  0  0  -1  0   2  0  2  0  1  0/0    21:56   0:00   4:34 
Marcus Nilson            0  0  0  -2  0   2  0  0  0  1  0/0     6:03   0:00   0:05 
Michel Ouellet           0  0  0  -1  2   3  1  0  0  0  1/1    13:44   0:00   0:00 
Mikhail Grabovski        0  0  0  -2  2   0  2  0  0  0  2/5     8:35   0:00   2:37 
Patrik Berglund          0  1  1  -1  0   4  2  1  1  0  8/14   15:51   2:23   0:00 
Ron Hainsey              0  0  0  -2  0   0  0  0  0  0  0/0    15:00   1:17   3:05 
Steve Eminger            0  0  0  -2  0   0  1  0  0  0  0/0    21:10   0:00   4:19 
Steve Regier             2  1  3   0  2   4  3  1  0  0  0/0    12:31   2:23   0:00 

3 Stars

1 - Alexander Radulov (Col)
2 - Corey Perry (Col)
3 - Steve Regier (Cal)

Power Play

Avalanche - 1 on 5 Attempt(s) - 20.00%
Flames - 1 on 4 Attempt(s) - 25.00%

Penalty Kill

Avalanche - 3 on 4 Attempt(s) - 75.00% - Score 0 goal in Penalty Kill
Flames - 4 on 5 Attempt(s) - 80.00% - Score 0 goal in Penalty Kill

Team Stat

Avalanche - Hits : 19 - Faceoff Wins : 33 - Blocked Shots : 4 - Penalty Minutes : 8
Flames - Hits : 21 - Faceoff Wins : 42 - Blocked Shots : 5 - Penalty Minutes : 10

Official

Referees : Lee Chris and Watson Brad
Linesman : Jonny Murray and Tim Nowak

Game Notes

Pekka Rinne enters game at 19:13 of 2nd period

Finance

Level 1 -- Attendance: 4970 (82.83%) -- Ticket Income $452,270
Level 2 -- Attendance: 4065 (81.30%) -- Ticket Income $231,705
Level 3 -- Attendance: 1701 (85.05%) -- Ticket Income $64,638
Level 4 -- Attendance: 3687 (92.18%) -- Ticket Income $99,549
Luxury Box -- Attendance: 950 (95.00%) -- Ticket Income $154,850
Game was played at the Metal Center.
Total Attendance: 15373 (85.41%)
Total Ticket Income: $1,003,012
Other Income: $150,452
Total Income: $1,153,464

Avalanche

5 vs 5 Forward 
   Center                   Left Wing                Right Wing               Time % Phy DF OF 
 1 Bryan Little             Mikkel Boedker           Corey Perry              40     1   2  2  
 2 Paul Stastny             Andrei Kostitsyn         Brandon Yip              30     1   2  2  
 3 Mike Comrie              Andrew Ladd              Alexander Radulov        20     1   2  2  
 4 Cory Emmerton            Ryan Smyth               Chuck Kobasew            10     1   2  2  

5 vs 5 Defense 
   Defense                  Defense                                           Time % Phy DF OF 
 1 Jack Johnson             Marc Staal                                        40     1   2  2  
 2 Pernell Karl Subban      Jay Bouwmeester                                   30     1   2  2  
 3 Mark Giordano            Matt Lashoff                                      20     1   2  2  
 4 Jack Johnson             Marc Staal                                        10     1   2  2  

PowerPlay Forward 
   Center                   Left Wing                Right Wing               Time % Phy DF OF 
 1 Bryan Little             Mikkel Boedker           Corey Perry              60     1   2  2  
 2 Paul Stastny             Andrei Kostitsyn         Brandon Yip              40     1   2  2  

PowerPlay Defense
   Defense                  Defense                                           Time % Phy DF OF 
 1 Jack Johnson             Marc Staal                                        60     1   2  2  
 2 Pernell Karl Subban      Jay Bouwmeester                                   40     1   2  2  

Penalty Kill 4 Players Forward 
   Center                   Wing                     Time % Phy DF OF 
 1 Bryan Little             Corey Perry              60     1   2  2  
 2 Mikkel Boedker           Andrei Kostitsyn         40     1   2  2  

Penalty Kill 4 Players Defense
   Defense                  Defense                  Time % Phy DF OF 
 1 Jack Johnson             Marc Staal               60     1   2  2  
 2 Pernell Karl Subban      Jay Bouwmeester          40     1   2  2  

Penalty Kill - 3 Players Forward 
   Forward                                           Time % Phy DF OF 
 1 Bryan Little                                      60     1   2  2  
 2 Corey Perry                                       40     1   2  2  

Penalty Kill - 3 Players Defense
   Defense                  Defense                  Time % Phy DF OF 
 1 Jack Johnson             Marc Staal               60     1   2  2  
 2 Pernell Karl Subban      Jay Bouwmeester          40     1   2  2  

4 vs 4 Forward 
   Center                   Wing                     Time % Phy DF OF 
 1 Bryan Little             Corey Perry              60     1   2  2  
 2 Mikkel Boedker           Andrei Kostitsyn         40     1   2  2  

4 vs 4 Defense
   Defense                  Defense                  Time % Phy DF OF 
 1 Jack Johnson             Marc Staal               60     1   2  2  
 2 Pernell Karl Subban      Jay Bouwmeester          40     1   2  2  

Last Minutes Offensive
   Center                   Left Wing                Right Wing               Defense                  Defense                  
   Bryan Little             Mikkel Boedker           Corey Perry              Jack Johnson             Marc Staal               

Last Minutes Defensive
   Center                   Left Wing                Right Wing               Defense                  Defense                  
   Bryan Little             Mikkel Boedker           Corey Perry              Jack Johnson             Marc Staal               

Goaltenders
Starting : Semyon Varlamov          
Backup : Dan Ellis                

Extra Forwards
Normal : Mike Comrie, Andrew Ladd, Alexander Radulov - PP : Mike Comrie, Andrew Ladd - PK : Alexander Radulov
Extra Defensemen
Normal : Mark Giordano, Matt Lashoff, Pernell Karl Subban - PP : Mark Giordano - PK : Matt Lashoff, Pernell Karl Subban
Penalty Shots
Bryan Little, Corey Perry, Mikkel Boedker, Andrei Kostitsyn, Paul Stastny

Scratches
Johnny Boychuk (Left Hand Injury)

Flames

5 vs 5 Forward 
   Center                   Left Wing                Right Wing               Time % Phy DF OF 
 1 Eric Staal               Alexander Semin          David Backes             41     1   2  2  
 2 Patrik Berglund          Brad Marchand            Michel Ouellet           33     1   2  2  
 3 Colin Wilson             Steve Regier             Jordin Tootoo            18     1   2  2  
 4 Mikhail Grabovski        Marcus Nilson            Jonathan Ferland         8      1   2  2  

5 vs 5 Defense 
   Defense                  Defense                                           Time % Phy DF OF 
 1 Derek Meech              Erik Johnson                                      38     1   2  2  
 2 Lubomir Visnovsky        Steve Eminger                                     29     1   2  2  
 3 Brendan Mikkelson        Ron Hainsey                                       23     1   2  2  
 4 Lubomir Visnovsky        Steve Eminger                                     10     1   2  2  

PowerPlay Forward 
   Center                   Left Wing                Right Wing               Time % Phy DF OF 
 1 Eric Staal               Alexander Semin          David Backes             60     1   1  3  
 2 Patrik Berglund          Steve Regier             Jordin Tootoo            40     1   1  3  

PowerPlay Defense
   Defense                  Defense                                           Time % Phy DF OF 
 1 Derek Meech              Erik Johnson                                      60     1   1  3  
 2 Derek Meech              Ron Hainsey                                       40     1   1  3  

Penalty Kill 4 Players Forward 
   Center                   Wing                     Time % Phy DF OF 
 1 Mikhail Grabovski        Alexander Semin          50     1   3  1  
 2 Eric Staal               Jordin Tootoo            50     1   3  1  

Penalty Kill 4 Players Defense
   Defense                  Defense                  Time % Phy DF OF 
 1 Lubomir Visnovsky        Steve Eminger            58     1   3  1  
 2 Derek Meech              Ron Hainsey              42     1   3  1  

Penalty Kill - 3 Players Forward 
   Forward                                           Time % Phy DF OF 
 1 Eric Staal                                        50     1   3  1  
 2 Alexander Semin                                   50     1   3  1  

Penalty Kill - 3 Players Defense
   Defense                  Defense                  Time % Phy DF OF 
 1 Lubomir Visnovsky        Steve Eminger            58     1   3  1  
 2 Derek Meech              Ron Hainsey              42     1   3  1  

4 vs 4 Forward 
   Center                   Wing                     Time % Phy DF OF 
 1 Eric Staal               Alexander Semin          60     1   2  2  
 2 Patrik Berglund          Jordin Tootoo            40     1   2  2  

4 vs 4 Defense
   Defense                  Defense                  Time % Phy DF OF 
 1 Derek Meech              Erik Johnson             60     1   2  2  
 2 Lubomir Visnovsky        Steve Eminger            40     1   2  2  

Last Minutes Offensive
   Center                   Left Wing                Right Wing               Defense                  Defense                  
   Eric Staal               Alexander Semin          David Backes             Derek Meech              Erik Johnson             

Last Minutes Defensive
   Center                   Left Wing                Right Wing               Defense                  Defense                  
   Eric Staal               Alexander Semin          David Backes             Derek Meech              Erik Johnson             

Goaltenders
Starting : Josh Harding             
Backup : Pekka Rinne              

Extra Forwards
Normal : Brad Marchand, Jordin Tootoo, Patrik Berglund - PP : Brad Marchand, Jordin Tootoo - PK : Brad Marchand
Extra Defensemen
Normal : Lubomir Visnovsky, Derek Meech, Steve Eminger - PP : Brendan Mikkelson - PK : Brendan Mikkelson, Erik Johnson
Penalty Shots
Eric Staal, Alexander Semin, David Backes, Patrik Berglund, Colin Wilson

Scratches
None


% Time on Ice - Avalanche

Lines # - Real PCT - Wanted PCT - Time Play
Normal Forward
1 - 38% - 40% - 17:20
2 - 26% - 30% - 12:05
3 - 22% - 20% - 9:54
4 - 15% - 10% - 6:42
Normal Defense
1 - 42% - 40% - 19:07
2 - 33% - 30% - 15:24
3 - 20% - 20% - 9:10
4 - 5% - 10% - 2:20
PP Forward
1 - 56% - 60% - 4:15
2 - 44% - 40% - 3:24
PP Defense
1 - 61% - 60% - 4:41
2 - 39% - 40% - 2:58
PK Forward
1 - 82% - 60% - 4:05
2 - 18% - 40% - 0:55
PK Defense
1 - 62% - 60% - 3:06
2 - 38% - 40% - 1:54
PK3 Forward
1 - 100% - 60% - 0:49
2 - 0% - 40% - 0:00
PK3 Defense
1 - 100% - 60% - 0:49
2 - 0% - 40% - 0:00
44 Forward
1 - 100% - 60% - 0:31
2 - 0% - 40% - 0:00
44 Defense
1 - 100% - 60% - 0:31
2 - 0% - 40% - 0:00
Last Minute Offensive  - 0:00
Last Minute Defensive  - 0:00
Total
Forward - 60:00
Defense - 60:00

% Time on Ice - Flames

Lines # - Real PCT - Wanted PCT - Time Play
Normal Forward
1 - 36% - 41% - 16:28
2 - 30% - 33% - 13:45
3 - 22% - 18% - 10:02
4 - 13% - 8% - 5:46
Normal Defense
1 - 41% - 38% - 18:44
2 - 31% - 29% - 14:07
3 - 22% - 23% - 10:15
4 - 6% - 10% - 2:55
PP Forward
1 - 59% - 60% - 3:26
2 - 41% - 40% - 2:23
PP Defense
1 - 78% - 60% - 4:32
2 - 22% - 40% - 1:17
PK Forward
1 - 54% - 50% - 4:10
2 - 46% - 50% - 3:29
PK Defense
1 - 60% - 58% - 4:34
2 - 40% - 42% - 3:05
PK3 Forward
1 - 0% - 50%
2 - 0% - 50%
PK3 Defense
1 - 0% - 58%
2 - 0% - 42%
44 Forward
1 - 100% - 60% - 0:31
2 - 0% - 40% - 0:00
44 Defense
1 - 100% - 60% - 0:31
2 - 0% - 40% - 0:00
Last Minute Offensive  - 0:00
Last Minute Defensive  - 0:00
Total
Forward - 60:00
Defense - 60:00

Play by Play

1st period


0:01 of 1st period - Bryan Little wins face-off versus Eric Staal in neutral zone.
0:09 of 1st period - Off-side.
0:10 of 1st period - Eric Staal wins face-off versus Corey Perry in neutral zone.
0:21 of 1st period - Wrist shot by David Backes.
0:21 of 1st period - Shot Misses the Net.
0:33 of 1st period - Wrist shot by Bryan Little.
0:33 of 1st period - Shot Misses the Net.
0:41 of 1st period - Wrist shot by Bryan Little.
0:41 of 1st period - Stopped by Josh Harding without a rebound.
0:42 of 1st period - Patrik Berglund wins face-off versus Paul Stastny in Flames zone.
0:42 of 1st period - Patrik Berglund is hit by Brandon Yip.
2:43 of 1st period - Marc Staal is hit by Erik Johnson.
3:03 of 1st period - Wrist shot by Patrik Berglund.
3:03 of 1st period - Stopped by Semyon Varlamov without a rebound.
3:04 of 1st period - Bryan Little wins face-off versus Eric Staal in Avalanche zone.
3:34 of 1st period - Wrist shot by Andrei Kostitsyn.
3:34 of 1st period - Stopped by Josh Harding with a rebound.
3:44 of 1st period - Minor Penalty to Michel Ouellet for Hooking.
3:45 of 1st period - Bryan Little wins face-off versus Mikhail Grabovski in Flames zone.
4:02 of 1st period - Snap shot by Corey Perry.
4:02 of 1st period - Shot Misses the Net.
5:44 of 1st period - Penalty to Michel Ouellet is over, Michel Ouellet is back on ice.
5:44 of 1st period - Alexander Radulov is hit by Brad Marchand.
5:55 of 1st period - Off-side.
5:56 of 1st period - Patrik Berglund wins face-off versus Cory Emmerton in neutral zone.
6:53 of 1st period - Snap shot by Patrik Berglund.
6:53 of 1st period - Shot Misses the Net.
6:55 of 1st period - Slapshot by Ron Hainsey.
6:55 of 1st period - Shot Misses the Net.
7:13 of 1st period - Wrist shot by Patrik Berglund.
7:13 of 1st period - Stopped by Semyon Varlamov without a rebound.
7:14 of 1st period - Eric Staal wins face-off versus Bryan Little in Avalanche zone.
7:25 of 1st period - Snap shot by Eric Staal.
7:25 of 1st period - Shot Misses the Net.
7:50 of 1st period - Snap shot by Alexander Radulov.
7:50 of 1st period - Stopped by Josh Harding without a rebound.
7:51 of 1st period - Mikkel Boedker wins face-off versus Colin Wilson in Flames zone.
8:18 of 1st period - Minor Penalty to Andrei Kostitsyn for Interference.
8:19 of 1st period - Bryan Little wins face-off versus David Backes in Avalanche zone.
8:49 of 1st period - Corey Perry is hit by Patrik Berglund and loses puck.
9:10 of 1st period - Wrist shot by Alexander Radulov.
9:10 of 1st period - Deflect By Mikkel Boedker.
9:10 of 1st period - Stopped by Josh Harding without a rebound.
9:11 of 1st period - Mikkel Boedker wins face-off versus Patrik Berglund in Flames zone.
9:20 of 1st period - Pernell Karl Subban is hit by Patrik Berglund and loses puck.
10:18 of 1st period - Penalty to Andrei Kostitsyn is over, Andrei Kostitsyn is back on ice.
10:22 of 1st period - Icing by Mike Comrie.
10:23 of 1st period - Mikhail Grabovski wins face-off versus Paul Stastny in Avalanche zone.
10:38 of 1st period - Wrist shot by Paul Stastny.
10:38 of 1st period - Stopped by Josh Harding with a rebound.
11:16 of 1st period - Corey Perry is hit by Michel Ouellet and loses puck.
11:21 of 1st period - Wrist shot by Patrik Berglund.
11:21 of 1st period - Stopped by Semyon Varlamov with a rebound.
11:43 of 1st period - Ryan Smyth is hit by Jordin Tootoo and loses puck.
12:17 of 1st period - Snap shot by Andrew Ladd.
12:17 of 1st period - Shot Misses the Net.
12:19 of 1st period - Slapshot by Mike Comrie.
12:19 of 1st period - Deflect By Marcus Nilson.
12:19 of 1st period - Goal by Mike Comrie - Avalanche : 1 - Flames : 0.
12:20 of 1st period - Eric Staal wins face-off versus Bryan Little in neutral zone.
12:47 of 1st period - Erik Johnson is hit by Paul Stastny and loses puck.
13:08 of 1st period - Slapshot by Steve Regier.
13:08 of 1st period - Stopped by Semyon Varlamov with a rebound.
13:14 of 1st period - Snap shot by Jordin Tootoo.
13:14 of 1st period - Shot Misses the Net.
13:36 of 1st period - Eric Staal is hit by Ryan Smyth.
13:59 of 1st period - Snap shot by David Backes.
13:59 of 1st period - Stopped by Semyon Varlamov with a rebound.
14:22 of 1st period - Slapshot by Jack Johnson.
14:22 of 1st period - Shot Misses the Net.
14:24 of 1st period - Slapshot by Ryan Smyth.
14:24 of 1st period - Stopped by Josh Harding with a rebound.
14:30 of 1st period - Snap shot by Cory Emmerton.
14:30 of 1st period - Stopped by Josh Harding without a rebound.
14:31 of 1st period - Patrik Berglund wins face-off versus Bryan Little in Flames zone.
15:53 of 1st period - Icing by Patrik Berglund.
15:54 of 1st period - Colin Wilson wins face-off versus Mike Comrie in Flames zone.
16:28 of 1st period - Snap shot by Mikkel Boedker.
16:28 of 1st period - Deflect By Erik Johnson.
16:28 of 1st period - Shot Misses the Net.
16:28 of 1st period - Puck is out of play.
16:29 of 1st period - Bryan Little wins face-off versus Eric Staal in Flames zone.
16:36 of 1st period - Snap shot by Bryan Little.
16:36 of 1st period - Stopped by Josh Harding without a rebound.
16:37 of 1st period - Bryan Little wins face-off versus Eric Staal in Flames zone.
16:44 of 1st period - Snap shot by Mikkel Boedker.
16:44 of 1st period - Stopped by Josh Harding without a rebound.
16:45 of 1st period - Bryan Little wins face-off versus Eric Staal in Flames zone.
16:58 of 1st period - Derek Meech is hit by Corey Perry and loses puck.
17:32 of 1st period - Alexander Radulov is hit by Steve Regier and loses puck.
17:41 of 1st period - Snap shot by Steve Regier.
17:41 of 1st period - Goal by Steve Regier - Avalanche : 1 - Flames : 1.
17:42 of 1st period - Eric Staal wins face-off versus Bryan Little in neutral zone.
18:09 of 1st period - Marc Staal is hit by Steve Regier and loses puck.
18:13 of 1st period - Icing by Marc Staal.
18:14 of 1st period - Colin Wilson wins face-off versus Bryan Little in Avalanche zone.
18:21 of 1st period - Slapshot by Steve Regier.
18:21 of 1st period - Deflect By Jordin Tootoo.
18:21 of 1st period - Shot Misses the Net.
18:21 of 1st period - Puck is out of play.
18:22 of 1st period - David Backes wins face-off versus Paul Stastny in Avalanche zone.
18:22 of 1st period - David Backes is hit by Jack Johnson.
18:24 of 1st period - Snap shot by Eric Staal.
18:24 of 1st period - Stopped by Semyon Varlamov without a rebound.
18:25 of 1st period - Eric Staal wins face-off versus Andrei Kostitsyn in Avalanche zone.
18:40 of 1st period - Slapshot by Andrei Kostitsyn.
18:40 of 1st period - Stopped by Josh Harding with a rebound.
18:57 of 1st period - Snap shot by Mikkel Boedker.
18:57 of 1st period - Shot Misses the Net.
18:59 of 1st period - Slapshot by Mikkel Boedker.
18:59 of 1st period - Shot Misses the Net.
19:01 of 1st period - Snap shot by Mikkel Boedker.
19:01 of 1st period - Deflect By Bryan Little.
19:01 of 1st period - Shot Misses the Net.
19:01 of 1st period - Puck is out of play.
19:02 of 1st period - Colin Wilson wins face-off versus Andrei Kostitsyn in Flames zone.
19:37 of 1st period - Snap shot by Bryan Little.
19:37 of 1st period - Stopped by Josh Harding with a rebound.
Goals for this period are 1 for Avalanche vs 1 for Flames.
Shots for this period are 12 for Avalanche vs 7 for Flames.

2nd period


0:01 of 2nd period - Eric Staal wins face-off versus Bryan Little in neutral zone.
0:48 of 2nd period - Colin Wilson is hit by Jay Bouwmeester and loses puck.
1:09 of 2nd period - Steve Eminger is hit by Bryan Little and loses puck.
1:14 of 2nd period - Snap shot by Mikkel Boedker.
1:14 of 2nd period - Shot Blocked by Steve Regier.
1:16 of 2nd period - Wrist shot by Bryan Little.
1:16 of 2nd period - Shot Misses the Net.
1:18 of 2nd period - Wrist shot by Corey Perry.
1:18 of 2nd period - Goal by Corey Perry - Avalanche : 2 - Flames : 1.
1:19 of 2nd period - Bryan Little wins face-off versus Eric Staal in neutral zone.
1:36 of 2nd period - Snap shot by Alexander Semin.
1:36 of 2nd period - Stopped by Semyon Varlamov without a rebound.
1:37 of 2nd period - Paul Stastny wins face-off versus Patrik Berglund in Avalanche zone.
1:37 of 2nd period - Paul Stastny is hit by Derek Meech.
1:48 of 2nd period - Minor Penalty to Erik Johnson for Unsportsmanlike conduct.
1:49 of 2nd period - Bryan Little wins face-off versus Eric Staal in Flames zone.
2:01 of 2nd period - Marc Staal is hit by Mikhail Grabovski.
3:48 of 2nd period - Penalty to Erik Johnson is over, Erik Johnson is back on ice.
4:00 of 2nd period - Wrist shot by Erik Johnson.
4:00 of 2nd period - Stopped by Semyon Varlamov without a rebound.
4:01 of 2nd period - Mike Comrie wins face-off versus Patrik Berglund in Avalanche zone.
4:31 of 2nd period - Wrist shot by Steve Eminger.
4:31 of 2nd period - Shot Misses the Net.
5:46 of 2nd period - Slapshot by Jordin Tootoo.
5:46 of 2nd period - Stopped by Semyon Varlamov without a rebound.
5:47 of 2nd period - Patrik Berglund wins face-off versus Bryan Little in Avalanche zone.
5:48 of 2nd period - Slapshot by Brad Marchand.
5:48 of 2nd period - Stopped by Semyon Varlamov without a rebound.
5:49 of 2nd period - Mikkel Boedker wins face-off versus Patrik Berglund in Avalanche zone.
6:36 of 2nd period - Backhand shot by Alexander Radulov.
6:36 of 2nd period - Goal by Alexander Radulov - Avalanche : 3 - Flames : 1.
6:37 of 2nd period - Eric Staal wins face-off versus Bryan Little in neutral zone.
6:54 of 2nd period - Slapshot by Corey Perry.
6:54 of 2nd period - Stopped by Josh Harding with a rebound.
7:06 of 2nd period - Snap shot by Brandon Yip.
7:06 of 2nd period - Shot Misses the Net.
7:08 of 2nd period - Wrist shot by Paul Stastny.
7:08 of 2nd period - Shot Blocked by Patrik Berglund.
7:50 of 2nd period - Wrist shot by Alexander Semin.
7:50 of 2nd period - Shot Misses the Net.
8:02 of 2nd period - Bryan Little is hit by Eric Staal and loses puck.
8:23 of 2nd period - Wrist shot by Cory Emmerton.
8:23 of 2nd period - Stopped by Josh Harding without a rebound.
8:24 of 2nd period - Colin Wilson wins face-off versus Paul Stastny in Flames zone.
8:55 of 2nd period - Snap shot by Bryan Little.
8:55 of 2nd period - Shot Misses the Net.
9:53 of 2nd period - Wrist shot by Jordin Tootoo.
9:53 of 2nd period - Shot Misses the Net.
10:01 of 2nd period - Wrist shot by Steve Regier.
10:01 of 2nd period - Shot Blocked by Chuck Kobasew.
10:10 of 2nd period - Icing by Chuck Kobasew.
10:11 of 2nd period - Bryan Little wins face-off versus Eric Staal in Avalanche zone.
10:11 of 2nd period - Bryan Little is hit by David Backes.
10:19 of 2nd period - Snap shot by Bryan Little.
10:19 of 2nd period - Shot Misses the Net.
10:21 of 2nd period - Backhand shot by Bryan Little.
10:21 of 2nd period - Stopped by Josh Harding without a rebound.
10:22 of 2nd period - Bryan Little wins face-off versus Eric Staal in Flames zone.
10:29 of 2nd period - Corey Perry is hit by Alexander Semin and loses puck.
10:48 of 2nd period - Mikkel Boedker is hit by Steve Regier and loses puck.
10:57 of 2nd period - Snap shot by Steve Regier.
10:57 of 2nd period - Shot Misses the Net.
10:59 of 2nd period - Slapshot by Colin Wilson.
10:59 of 2nd period - Goal by Colin Wilson - Avalanche : 3 - Flames : 2.
11:00 of 2nd period - Eric Staal wins face-off versus Paul Stastny in neutral zone.
11:37 of 2nd period - Snap shot by Bryan Little.
11:37 of 2nd period - Shot Misses the Net.
11:39 of 2nd period - Snap shot by Jack Johnson.
11:39 of 2nd period - Stopped by Josh Harding without a rebound.
11:40 of 2nd period - Eric Staal wins face-off versus Mike Comrie in Flames zone.
11:55 of 2nd period - Wrist shot by Alexander Radulov.
11:55 of 2nd period - Shot Misses the Net.
12:17 of 2nd period - Icing by Michel Ouellet.
12:18 of 2nd period - Patrik Berglund wins face-off versus Brandon Yip in Flames zone.
12:18 of 2nd period - Patrik Berglund is hit by Jack Johnson.
13:13 of 2nd period - Wrist shot by Colin Wilson.
13:13 of 2nd period - Stopped by Semyon Varlamov with a rebound.
13:15 of 2nd period - Wrist shot by Colin Wilson.
13:15 of 2nd period - Shot Hit the Post.
13:17 of 2nd period - Slapshot by Ron Hainsey.
13:17 of 2nd period - Shot Misses the Net.
13:27 of 2nd period - Snap shot by Marcus Nilson.
13:27 of 2nd period - Stopped by Semyon Varlamov without a rebound.
13:28 of 2nd period - Mikhail Grabovski wins face-off versus Cory Emmerton in Avalanche zone.
13:39 of 2nd period - Slapshot by Cory Emmerton.
13:39 of 2nd period - Stopped by Josh Harding with a rebound.
14:00 of 2nd period - Wrist shot by Jack Johnson.
14:00 of 2nd period - Shot Blocked by David Backes.
14:02 of 2nd period - Slapshot by Corey Perry.
14:02 of 2nd period - Goal by Corey Perry - Avalanche : 4 - Flames : 2.
14:03 of 2nd period - Bryan Little wins face-off versus Eric Staal in neutral zone.
14:43 of 2nd period - Brad Marchand is hit by Paul Stastny and loses puck.
15:17 of 2nd period - Snap shot by Lubomir Visnovsky.
15:17 of 2nd period - Stopped by Semyon Varlamov with a rebound.
15:19 of 2nd period - Snap shot by Marcus Nilson.
15:19 of 2nd period - Stopped by Semyon Varlamov without a rebound.
15:20 of 2nd period - Mikkel Boedker wins face-off versus Mikhail Grabovski in Avalanche zone.
15:20 of 2nd period - Mikkel Boedker is hit by Derek Meech.
15:29 of 2nd period - Minor Penalty to Mikhail Grabovski for Cross-checking.
15:30 of 2nd period - Eric Staal wins face-off versus Bryan Little in Flames zone.
15:46 of 2nd period - Slapshot by Jack Johnson.
15:46 of 2nd period - Stopped by Josh Harding with a rebound.
17:09 of 2nd period - Lubomir Visnovsky is hit by Jack Johnson and loses puck.
17:29 of 2nd period - Penalty to Mikhail Grabovski is over, Mikhail Grabovski is back on ice.
17:41 of 2nd period - Alexander Radulov is hit by Mikhail Grabovski and loses puck.
17:58 of 2nd period - Snap shot by Steve Regier.
17:58 of 2nd period - Stopped by Semyon Varlamov without a rebound.
17:59 of 2nd period - Cory Emmerton wins face-off versus Patrik Berglund in Avalanche zone.
17:59 of 2nd period - Cory Emmerton is hit by Erik Johnson.
18:51 of 2nd period - Snap shot by Mikkel Boedker.
18:51 of 2nd period - Shot Misses the Net.
18:53 of 2nd period - Slapshot by Jay Bouwmeester.
18:53 of 2nd period - Stopped by Josh Harding with a rebound.
18:59 of 2nd period - Minor Penalty to Steve Regier for Hooking.
19:00 of 2nd period - Bryan Little wins face-off versus Eric Staal in Flames zone.
19:11 of 2nd period - Snap shot by Mikkel Boedker.
19:11 of 2nd period - Shot Misses the Net.
19:13 of 2nd period - Slapshot by Marc Staal.
19:13 of 2nd period - Goal by Marc Staal - Avalanche : 5 - Flames : 2.
19:13 of 2nd period - Pekka Rinne enters game.
19:14 of 2nd period - Eric Staal wins face-off versus Paul Stastny in neutral zone.
19:27 of 2nd period - Brandon Yip is hit by Eric Staal and loses puck.
19:45 of 2nd period - Wrist shot by Erik Johnson.
19:45 of 2nd period - Shot Blocked by Jay Bouwmeester.
19:47 of 2nd period - Snap shot by Erik Johnson.
19:47 of 2nd period - Stopped by Semyon Varlamov without a rebound.
19:48 of 2nd period - Brad Marchand wins face-off versus Bryan Little in Avalanche zone.
19:49 of 2nd period - Wrist shot by Michel Ouellet.
19:49 of 2nd period - Shot Misses the Net.
19:59 of 2nd period - Wrist shot by Patrik Berglund.
19:59 of 2nd period - Stopped by Semyon Varlamov without a rebound.
Goals for this period are 4 for Avalanche vs 1 for Flames.
Shots for this period are 11 for Avalanche vs 12 for Flames.

3rd period


0:01 of 3rd period - Eric Staal wins face-off versus Andrei Kostitsyn in neutral zone.
0:33 of 3rd period - Snap shot by Michel Ouellet.
0:33 of 3rd period - Stopped by Semyon Varlamov without a rebound.
0:34 of 3rd period - Patrik Berglund wins face-off versus Mikkel Boedker in Avalanche zone.
0:37 of 3rd period - Snap shot by Michel Ouellet.
0:37 of 3rd period - Stopped by Semyon Varlamov without a rebound.
0:38 of 3rd period - Patrik Berglund wins face-off versus Bryan Little in Avalanche zone.
0:41 of 3rd period - Snap shot by Michel Ouellet.
0:41 of 3rd period - Shot Misses the Net.
0:55 of 3rd period - Slapshot by Jay Bouwmeester.
0:55 of 3rd period - Stopped by Pekka Rinne without a rebound.
0:56 of 3rd period - Paul Stastny wins face-off versus Eric Staal in Flames zone.
1:09 of 3rd period - Slapshot by Paul Stastny.
1:09 of 3rd period - Stopped by Pekka Rinne with a rebound.
1:27 of 3rd period - Slapshot by Jack Johnson.
1:27 of 3rd period - Shot Misses the Net.
2:41 of 3rd period - Wrist shot by Cory Emmerton.
2:41 of 3rd period - Shot Misses the Net.
2:51 of 3rd period - Lubomir Visnovsky is hit by Andrew Ladd and loses puck.
3:15 of 3rd period - Off-side.
3:16 of 3rd period - Bryan Little wins face-off versus Colin Wilson in neutral zone.
3:19 of 3rd period - Snap shot by Jay Bouwmeester.
3:19 of 3rd period - Deflect By Jordin Tootoo.
3:19 of 3rd period - Stopped by Pekka Rinne without a rebound.
3:20 of 3rd period - Eric Staal wins face-off versus Paul Stastny in Flames zone.
4:09 of 3rd period - Icing by Corey Perry.
4:10 of 3rd period - Bryan Little wins face-off versus Eric Staal in Avalanche zone.
4:21 of 3rd period - Slapshot by Eric Staal.
4:21 of 3rd period - Shot Misses the Net.
4:33 of 3rd period - Wrist shot by Mikkel Boedker.
4:33 of 3rd period - Stopped by Pekka Rinne with a rebound.
4:35 of 3rd period - Wrist shot by Bryan Little.
4:35 of 3rd period - Stopped by Pekka Rinne without a rebound.
4:36 of 3rd period - Patrik Berglund wins face-off versus Paul Stastny in Flames zone.
4:41 of 3rd period - Wrist shot by Michel Ouellet.
4:41 of 3rd period - Stopped by Semyon Varlamov with a rebound.
4:43 of 3rd period - Wrist shot by Patrik Berglund.
4:43 of 3rd period - Shot Misses the Net.
4:45 of 3rd period - Snap shot by Lubomir Visnovsky.
4:45 of 3rd period - Deflect By Paul Stastny.
4:45 of 3rd period - Stopped by Semyon Varlamov without a rebound.
4:46 of 3rd period - Paul Stastny wins face-off versus Patrik Berglund in Avalanche zone.
4:56 of 3rd period - Off-side.
4:57 of 3rd period - Eric Staal wins face-off versus Paul Stastny in neutral zone.
5:02 of 3rd period - Backhand shot by Erik Johnson.
5:02 of 3rd period - Stopped by Semyon Varlamov with a rebound.
5:04 of 3rd period - Slapshot by David Backes.
5:04 of 3rd period - Shot Misses the Net.
5:06 of 3rd period - Snap shot by David Backes.
5:06 of 3rd period - Shot Blocked by Marc Staal.
5:08 of 3rd period - Wrist shot by Eric Staal.
5:08 of 3rd period - Shot Blocked by Jack Johnson.
5:10 of 3rd period - Slapshot by Erik Johnson.
5:10 of 3rd period - Stopped by Semyon Varlamov with a rebound.
5:12 of 3rd period - Slapshot by Derek Meech.
5:12 of 3rd period - Shot Misses the Net.
5:14 of 3rd period - Snap shot by Alexander Semin.
5:14 of 3rd period - Stopped by Semyon Varlamov without a rebound.
5:15 of 3rd period - Bryan Little wins face-off versus Brad Marchand in Avalanche zone.
5:45 of 3rd period - Derek Meech is hit by Andrei Kostitsyn and loses puck.
6:13 of 3rd period - Minor Penalty to Andrew Ladd for High sticking.
6:14 of 3rd period - Bryan Little wins face-off versus Eric Staal in Avalanche zone.
6:29 of 3rd period - Slapshot by David Backes.
6:29 of 3rd period - Stopped by Semyon Varlamov without a rebound.
6:30 of 3rd period - Alexander Semin wins face-off versus Bryan Little in Avalanche zone.
6:39 of 3rd period - Erik Johnson is hit by Corey Perry and loses puck.
8:13 of 3rd period - Penalty to Andrew Ladd is over, Andrew Ladd is back on ice.
8:49 of 3rd period - Snap shot by Andrew Ladd.
8:49 of 3rd period - Shot Blocked by Lubomir Visnovsky.
9:52 of 3rd period - Snap shot by Andrew Ladd.
9:52 of 3rd period - Stopped by Pekka Rinne with a rebound.
9:54 of 3rd period - Snap shot by Alexander Radulov.
9:54 of 3rd period - Goal by Alexander Radulov - Avalanche : 6 - Flames : 2.
9:55 of 3rd period - Eric Staal wins face-off versus Bryan Little in neutral zone.
9:57 of 3rd period - Off-side.
9:58 of 3rd period - Bryan Little wins face-off versus Eric Staal in neutral zone.
10:39 of 3rd period - Erik Johnson is hit by Brandon Yip and loses puck.
10:52 of 3rd period - Slapshot by Erik Johnson.
10:52 of 3rd period - Stopped by Semyon Varlamov without a rebound.
10:53 of 3rd period - Mike Comrie wins face-off versus Colin Wilson in Avalanche zone.
11:00 of 3rd period - Steve Eminger is hit by Mike Comrie and loses puck.
11:17 of 3rd period - Mike Comrie is hit by Steve Eminger and loses puck.
11:32 of 3rd period - Jordin Tootoo is hit by Mike Comrie and loses puck.
11:43 of 3rd period - Pernell Karl Subban is hit by Jordin Tootoo and loses puck.
12:11 of 3rd period - Backhand shot by Jay Bouwmeester.
12:11 of 3rd period - Deflect By Andrew Ladd.
12:11 of 3rd period - Shot Misses the Net.
12:11 of 3rd period - Puck is out of play.
12:12 of 3rd period - Eric Staal wins face-off versus Bryan Little in Flames zone.
12:27 of 3rd period - Wrist shot by David Backes.
12:27 of 3rd period - Stopped by Semyon Varlamov with a rebound.
12:29 of 3rd period - Wrist shot by Eric Staal.
12:29 of 3rd period - Stopped by Semyon Varlamov without a rebound.
12:30 of 3rd period - Michel Ouellet wins face-off versus Paul Stastny in Avalanche zone.
12:37 of 3rd period - Slapshot by Jack Johnson.
12:37 of 3rd period - Shot Blocked by Lubomir Visnovsky.
12:39 of 3rd period - Snap shot by Andrei Kostitsyn.
12:39 of 3rd period - Stopped by Pekka Rinne with a rebound.
12:41 of 3rd period - Snap shot by Brandon Yip.
12:41 of 3rd period - Shot Misses the Net.
12:43 of 3rd period - Snap shot by Andrei Kostitsyn.
12:43 of 3rd period - Goal by Andrei Kostitsyn - Avalanche : 7 - Flames : 2.
12:44 of 3rd period - Eric Staal wins face-off versus Bryan Little in neutral zone.
12:44 of 3rd period - Eric Staal is hit by Corey Perry.
12:47 of 3rd period - Off-side.
12:48 of 3rd period - Bryan Little wins face-off versus Eric Staal in neutral zone.
12:55 of 3rd period - Wrist shot by Bryan Little.
12:55 of 3rd period - Shot Misses the Net.
12:57 of 3rd period - Snap shot by Corey Perry.
12:57 of 3rd period - Deflect By Bryan Little.
12:57 of 3rd period - Stopped by Pekka Rinne without a rebound.
12:58 of 3rd period - David Backes wins face-off versus Bryan Little in Flames zone.
13:07 of 3rd period - Slapshot by Alexander Semin.
13:07 of 3rd period - Stopped by Semyon Varlamov with a rebound.
13:18 of 3rd period - Minor Penalty to Jack Johnson for Diving.
13:19 of 3rd period - Bryan Little wins face-off versus Eric Staal in Avalanche zone.
13:41 of 3rd period - Minor Penalty to Bryan Little for Roughing.
13:42 of 3rd period - Alexander Radulov wins face-off versus Eric Staal in Avalanche zone.
13:42 of 3rd period - Alexander Radulov is hit by Eric Staal.
13:50 of 3rd period - Backhand shot by Alexander Semin.
13:50 of 3rd period - Stopped by Semyon Varlamov with a rebound.
13:52 of 3rd period - Slapshot by Derek Meech.
13:52 of 3rd period - Shot Misses the Net.
13:54 of 3rd period - Wrist shot by Eric Staal.
13:54 of 3rd period - Stopped by Semyon Varlamov without a rebound.
13:55 of 3rd period - Eric Staal wins face-off versus Alexander Radulov in Avalanche zone.
14:28 of 3rd period - Snap shot by Steve Regier.
14:28 of 3rd period - Shot Misses the Net.
14:30 of 3rd period - Slapshot by Steve Regier.
14:30 of 3rd period - Goal by Steve Regier - Avalanche : 7 - Flames : 3.
14:31 of 3rd period - Eric Staal wins face-off versus Alexander Radulov in neutral zone.
15:09 of 3rd period - Minor Penalty to Derek Meech for Holding.
15:10 of 3rd period - Eric Staal wins face-off versus Mike Comrie in Flames zone.
15:17 of 3rd period - Slapshot by Eric Staal.
15:17 of 3rd period - Goal by Eric Staal - Avalanche : 7 - Flames : 4.
15:18 of 3rd period - Eric Staal wins face-off versus Mike Comrie in neutral zone.
15:41 of 3rd period - Penalty to Bryan Little is over, Bryan Little is back on ice.
17:09 of 3rd period - Penalty to Derek Meech is over, Derek Meech is back on ice.
17:35 of 3rd period - Wrist shot by Jonathan Ferland.
17:35 of 3rd period - Stopped by Semyon Varlamov without a rebound.
17:36 of 3rd period - Mike Comrie wins face-off versus Mikhail Grabovski in Avalanche zone.
17:49 of 3rd period - Snap shot by Mike Comrie.
17:49 of 3rd period - Deflect By Andrew Ladd.
17:49 of 3rd period - Shot Misses the Net.
17:49 of 3rd period - Puck is out of play.
17:50 of 3rd period - Eric Staal wins face-off versus Bryan Little in Flames zone.
17:50 of 3rd period - Eric Staal is hit by Jack Johnson.
17:56 of 3rd period - Snap shot by Bryan Little.
17:56 of 3rd period - Stopped by Pekka Rinne without a rebound.
17:57 of 3rd period - Eric Staal wins face-off versus Bryan Little in Flames zone.
17:57 of 3rd period - Eric Staal is hit by Jack Johnson.
19:33 of 3rd period - Slapshot by David Backes.
19:33 of 3rd period - Stopped by Semyon Varlamov without a rebound.
19:34 of 3rd period - Paul Stastny wins face-off versus Eric Staal in Avalanche zone.
19:49 of 3rd period - Snap shot by Paul Stastny.
19:49 of 3rd period - Shot Misses the Net.
Goals for this period are 2 for Avalanche vs 2 for Flames.
Shots for this period are 11 for Avalanche vs 18 for Flames.